AoeStats
← Oxplease

Arena

509948142Analyzed
2v2 RM · 2d ago on Sep 28, 2026· 38m 32s· 4 players
Game mode
Random Map
Map size
Medium (4 player)
Population
200
Speed
Normal
Resources
Standard
Victory
Conquest
Starting age
Dark Age
Ending age
Imperial Age
RankedLock teamsTeams togetherTeam positionsShared explorationLock speedFull tech treeHidden civsTurbo modeCheats
Victory
Defeat
🇩🇪 Celts · Germany
1156
+15
🇨🇭 Teutons · Switzerland
1131
+16
🇭🇺 Slavs · Hungary
1172
-18
🇫🇷 Dravidians · France
1083
-13
Gaborovics
10:33 Feudal Age
10:42 Man-at-Arms
11:52 Double-Bit Axe
14:43 Scale Mail Armor
16:43 Wheelbarrow
17:08 Forging
20:35 Castle Age
21:42 Chain Mail Armor
22:29 Pikeman
23:10 Squires
28:43 Sanctity
28:26 Horse Collar
30:49 Iron Casting
31:01 Heavy Plow
31:33 Hand Cart
33:00 Scale Barding Armor
33:41 Fortified Wall
34:21 Loom
34:22 Town Watch
37:58 Imperial Age
36:34 Chain Barding Armor
Oxplease
11:06 Feudal Age
16:51 Castle Age
22:05 Padded Archer Armor
23:06 Fletching
27:13 Thumb Ring
31:57 Leather Archer Armor
34:53 Imperial Age
36:05 Bodkin Arrow
Luis
10:04 Feudal Age
8:19 Loom
16:01 Castle Age
14:22 Double-Bit Axe
14:25 Horse Collar
17:34 Fletching
19:29 Gold Mining
22:44 Scale Mail Armor
22:40 Bodkin Arrow
31:24 Imperial Age
29:44 Chain Mail Armor
29:53 Ballistics
31:09 Bow Saw
31:15 Forging
31:41 Gold Shaft Mining
31:48 Wheelbarrow
31:33 Heavy Plow
32:46 Plate Mail Armor
32:12 Town Watch
33:32 Conscription
34:10 Iron Casting
33:32 Murder Holes
36:16 Chemistry
38:53 Blast Furnace
38:58 Hand Cart
Simon
7:57 Loom
11:18 Feudal Age
13:17 Double-Bit Axe
15:43 Castle Age
13:40 Horse Collar
16:11 Bloodlines
17:04 Scale Barding Armor
18:14 Forging
19:37 Wheelbarrow
21:28 Hand Cart
21:16 Heavy Plow
22:29 Chain Barding Armor
24:00 Iron Casting
23:23 Gold Mining
24:23 Bow Saw
28:28 Scale Mail Armor
28:30 Squires
28:39 Stone Mining
35:50 Imperial Age
34:00 Chain Mail Armor
35:20 Masonry
36:01 Ballistics
37:08 Stone Shaft Mining
37:35 Chemistry
Connection lost

Rejoining the realm…

Still unreachable

The connection could not be restored.

Session expired

The server has moved on; the page needs a fresh start.